 Dungeon Crawl Stone Soup version 0.27.1-34-g3ba077fa99 (webtiles) character file.

Game seed: 13227444442277971072

49 cbfl8 the Covered (level 3, -4/26 HPs)
             Began as a Minotaur Wanderer on Jan 17, 2022.
             Slain by a gnoll (6 damage)
             ... on level 2 of the Dungeon.
             The game lasted 00:03:33 (1545 turns).

cbfl8 the Covered (Minotaur Wanderer)               Turns: 1545, Time: 00:03:34

Health: -4/26      AC: 10    Str: 16    XL:     3   Next: 53%
Magic:  3/3        EV:  9    Int: 10    God:
Gold:   29         SH:  0    Dex:  9    Spells: 3/4 levels left

rFire    . . .     SeeInvis .   e - +0 dagger
rCold    . . .     Faith    .   (no shield)
rNeg     . . .     Spirit   .   b - +2 scale mail
rPois    .         Reflect  .   (helmet restricted)
rElec    .         Harm     .   i - +0 cloak
rCorr    .         Rampage  .   (no gloves)
Will     .....                  (no boots)
Stlth    ..........             (no amulet)
HPRegen  0.08/turn              (no ring)
MPRegen  0.08/turn              (no ring)

@: no status effects
A: horns 2, retaliatory headbutt
a: no special abilities


You were on level 2 of the Dungeon.
You visited 1 branch of the dungeon, and saw 2 of its levels.

You collected 29 gold pieces.

Inventory:

Hand Weapons
 a - a +0 hand crossbow
 d - a +0 whip
 e - a +0 dagger (weapon)
Missiles
 c - 31 bolts
Armour
 b - a +2 scale mail (worn)
 i - a +0 cloak (worn)
 o - a +0 ring mail
Scrolls
 f - a scroll of noise {unknown}
 g - a scroll of teleportation {unknown}
 h - a scroll of identify {unknown}
 j - a scroll of enchant weapon {unknown}
 l - a scroll of brand weapon {unknown}
 n - a scroll of vulnerability {unknown}
Potions
 k - a potion of lignification {unknown}
 m - a potion of heal wounds {unknown}


   Skills:
 + Level 0.1 Fighting
 + Level 0.1 Short Blades
 + Level 2.3 Crossbows
 + Level 1.0 Throwing
 + Level 5.0 Armour
 + Level 1.1 Stealth
 + Level 1.2 Shields
 + Level 1.0 Spellcasting
 + Level 1.0 Ice Magic
 + Level 1.0 Poison Magic


You had 3 spell levels left.
You knew the following spells:

 Your Spells              Type           Power      Damage    Failure   Level
a - Sting                 Tmut/Pois      4%         1d3       67%         1

Your spell library contained the following spells:

 Spells                   Type           Power      Damage    Failure   Level
 Beastly Appendage        Tmut           0%         N/A       75%         1
 Wereblood                Tmut           0%         N/A       86%         2
 Spider Form              Tmut/Pois      0%         N/A       95%         3


Dungeon Overview and Level Annotations

Branches:
Dungeon (2/15)

Altars:


Innate Abilities, Weirdness & Mutations

You have a pair of horns on your head.
You reflexively headbutt those who attack you in melee.


Message History

You hit the endoplasm but do no damage. You headbutt the endoplasm.
You kill the endoplasm!
The quokka twitches its whiskers.
The gnoll completely misses you.
Unknown command.
You hit the quokka.
The quokka is severely wounded.
The quokka bites you but does no damage.
The gnoll hits you with a +0 spear.
The quokka bites you but does no damage.
Unknown command.
You closely miss the quokka. Your headbutt misses the quokka.
The quokka is severely wounded.
A rat comes into view.
The quokka closely misses you. You furiously retaliate!
You headbutt the quokka!
You kill the quokka!
The gnoll hits you with a +0 spear.
You barely miss the gnoll. Your headbutt misses the gnoll.
The gnoll barely misses you.
You barely miss the gnoll. The gnoll hits you with a +0 spear.
Unknown command.
You barely miss the gnoll. The gnoll completely misses you.
The gnoll hits you with a +0 spear.
Unknown command.
You closely miss the gnoll. Your headbutt misses the gnoll.
You barely miss the gnoll. You headbutt the gnoll!
You kill the gnoll!
Your Stealth skill increases to level 1!
Unknown command.
You hit the rat.
You kill the rat!
The gnoll hits you but does no damage.
Unknown command.
You hit the gnoll.
The gnoll is moderately wounded.
The gnoll hits you with a +0 flail!
* * * LOW HITPOINT WARNING * * *
The gnoll hits you with a +0 flail.
You die...

≈≈≈≈≈≈≈..≈≈≈≈≈≈≈≈#
≈≈≈≈≈≈≈..≈≈≈≈≈≈≈##
#≈≈≈≈≈≈..≈≈≈≈≈≈##
##≈≈≈≈≈..≈≈≈≈≈##
##≈≈≈≈..≈≈≈≈##
##≈≈≈..≈≈≈##
####''#######
#.g#......
#.@g......
####...... ......
..... ..... .... .


You could see 2 gnolls.

Vanquished Creatures
  A gnoll (D:2)
  An adder (D:2)
  5 endoplasms
  A giant cockroach (D:1)
  5 goblins (D:1)
  A hobgoblin (D:2)
  2 kobolds (D:1)
  3 quokkas (D:2)
  2 ball pythons (D:1)
  3 bats
  A frilled lizard (D:1)
  3 rats
28 creatures vanquished.

Notes
Turn   | Place    | Note
-------+----------+-------------------------------------------
     0 | D:1      | cbfl8 the Minotaur Wanderer began the quest for the Orb.
     0 | D:1      | cbfl8 set off with the following items: a +0 hand crossbow,
                  | a +2 scale mail, 23 bolts; and the following spell
                  | memorised: Sting; and the following spells available to
                  | memorise: Spider Form
     0 | D:1      | Reached XP level 1. HP: 14/14 MP: 1/1
   228 | D:1      | Reached skill level 4 in Armour
   367 | D:1      | Reached XP level 2. HP: 20/20 MP: 2/2
   459 | D:1      | Found a faded altar of an unknown god.
  1346 | D:2      | Reached skill level 5 in Armour
  1346 | D:2      | Reached XP level 3. HP: 20/26 MP: 3/3
  1544 | D:2      | Reached skill level 1 in Stealth
  1545 | D:2      | Slain by a gnoll

Illustrated notes

Levels and vault maps discovered:
D:1:      roderic_chinese_lattice_arrival, layout_loops_corners,
          shapermc_ecumenical_altar_starsandcircs,
          ebering_dispersal_statue_hall, dk_noncrumbling_2, st_stairs_7
D:2:      kennysheep_big_flooded_room, layout_basic

Skill      XL: |  1  2  3 |
---------------+----------+-----
Armour         | 4 5 |  5.0
Stealth        | 1 |  1.1
Fighting       | |  0.1
Short Blades   | |  0.1
Crossbows      | |  2.3
Throwing       | |  1.0
Shields        | |  1.2
Spellcasting   | |  1.0
Ice Magic      | |  1.0
Poison Magic   | |  1.0

Action                   || total
-------------------------++-------
Melee: Dagger            ||    73
       Hand crossbow     ||     9
       Whip              ||     3
       Headbutt          ||     9
Armor: Scale mail        ||    66
Dodge: Dodged            ||    57
